 Dungeon Crawl Stone Soup version 0.17-a0-1567-gdd419b1 (webtiles) character file.

399 noobfaggot the Cudgeler (level 6, -1/56 HPs)
             Began as a Minotaur Berserker on July 20, 2015.
             Was a Priest of Trog.
             Slain by a slave (4 damage)
             ... led by Pikel
             ... on level 4 of the Dungeon on July 22, 2015.
             The game lasted 00:15:56 (2711 turns).

noobfaggot the Cudgeler (Minotaur Berserker)        Turns: 2711, Time: 00:15:56

Health: -1/56      AC:  5    Str: 23    XL:     6   Next: 54%
Magic:  5/5        EV:  8    Int:  4    God:    Trog [***...]
Gold:   163        SH: 12    Dex: 10    Spells: 0 memorised, 5 levels left

rFire  + . .     SeeInvis .     a - +0 mace
rCold  . . .     Clarity  .     d - +2 leather armour {rF+}
rNeg   . . .     SustAt   .     m - +0 large shield
rPois  .         Gourm    .     (helmet restricted)
rElec  .         Spirit   .     (no cloak)
rCorr  .         Warding  .     (no gloves)
rMut   .         Stasis   .     (no boots)
MR     .....                    (no amulet)
Stlth  ..........               (no ring)
                                i - ring of loudness

@: not resistant to hostile enchantments, extremely unstealthy
A: retaliatory headbutt, horns 2
a: Burn Spellbooks, Berserk, Trog's Hand, Renounce Religion


You were on level 4 of the Dungeon.
You worshipped Trog.
Trog was most pleased with you.
You were hungry.

You visited 1 branch of the dungeon, and saw 4 of its levels.

You collected 163 gold pieces.

Inventory:

Hand weapons
 a - a +0 mace (weapon)
Armour
 d - a +2 leather armour of fire resistance (worn)
 m - a +0 large shield (worn)
Jewellery
 i - a ring of loudness (left hand)
Magical devices
 j - a wand of digging (10)
Scrolls
 e - a scroll of noise {unknown}
 f - 3 scrolls of identify
 g - a scroll of enchant armour {unknown}
 h - a scroll of teleportation
 k - 2 scrolls of recharging {unknown}
 n - a scroll of amnesia {unknown}
 q - a scroll of remove curse
Potions
 l - a potion of curing
 r - a potion of lignification {unknown}
Books
 p - a Young Poisoner's Handbook

   Spells                             Type                      Level
   a - Sting                          Conjuration/Poison           1
   b - Cure Poison                    Poison                       2
   c - Mephitic Cloud                 Conjuration/Poison/Air       3
   d - Olgreb's Toxic Radiance        Poison                       4
   e - Venom Bolt                     Conjuration/Poison           5
   Trog disapproves of the use of such an item.
Comestibles
 b - a royal jelly
 c - 4 bread rations
 w - a meat ration


   Skills:
 * Level 5.0 Fighting
 * Level 5.1 Maces & Flails
 * Level 3.7 Armour
 * Level 4.9 Dodging
 * Level 2.3 Unarmed Combat


You had 5 spell levels left.
You didn't know any spells.

Dungeon Overview and Level Annotations

Branches:
Dungeon (4/15)             Temple (0/1) D:4

Altars:
Cheibriados
Fedhas
Okawaru
Yredelemnul
Zin
The Shining One

Annotations:
D:4 Menkaure, Pikel


Innate Abilities, Weirdness & Mutations

You reflexively headbutt those who attack you in melee.
You have a pair of horns on your head.


Message History

A slave opens the door.
A worker ant comes into view.
The worker ant twitches its antennae in your direction.
You hit Pikel but do no damage. Pikel hits you with a whip of freezing.
Pikel freezes you. Pikel hits you with a whip of freezing. Pikel freezes you.
You hit Pikel but do no damage. Pikel closely misses you.
You block the slave's attack.
You closely miss Pikel. You headbutt Pikel, but do no damage.
Pikel hits you with a whip of freezing. Pikel freezes you. The slave hits you!
You block Pikel's attack.
You hit Pikel but do no damage. The slave hits you!
* * * LOW HITPOINT WARNING * * *
Pikel hits you with a whip of freezing.
* * * LOW HITPOINT WARNING * * *
Pikel freezes you.
* * * LOW HITPOINT WARNING * * *
You barely miss Pikel. You headbutt Pikel!
Pikel is moderately wounded.
You block Pikel's attack. The slave hits you.
You die...

.........#...#............
....>...#...#........#.(.
#......#....#.#######...
#......##...#....####...
#......##..)###.....#...
+.............#.....#...
#.###'###...#.#.....###.
##### #..ppp#####.#.....#
#. .....
#.###@#......#.######.
.....
+.'>#K+...............
##..
#.###a#####....#####.#
#.....# #.#......... ##
###'### #.#..#####.# .# ..
#....# ##.# .# ... ###..##
#... .##### ..... #...#
#..) .....# ... ...
#.#.###...


You could see Pikel, 3 slaves and a worker ant.

Vanquished Creatures
  An ogre (D:4)
  A giant frog skeleton (D:4)
  An iguana (D:4)
  Ijyb (D:3)
  An orc wizard (D:3)
  Jessica (D:3)
  Natasha (D:4)
  A worker ant (D:4)
  5 adders (D:2)
  A worm (D:2)
  11 orcs
  A ball python (D:1)
  3 giant cockroaches
  6 goblins
  3 hobgoblins (D:3)
  A quokka (D:2)
  7 bats
  4 giant geckos
  6 giant newts
  10 kobolds
  5 rats
71 creatures vanquished.

Notes
Turn   | Place    | Note
--------------------------------------------------------------
     0 | D:1      | noobfaggot the Minotaur Berserker began the quest for the Orb.
     0 | D:1      | Reached XP level 1. HP: 19/19 MP: 0/0
   129 | D:1      | Upgraded the game from 0.17-a0-1558-g9d24de5 to 0.17-a0-1567-gdd419b1
   234 | D:1      | Reached skill level 4 in Maces & Flails
   244 | D:1      | Reached XP level 2. HP: 27/27 MP: 1/1
   866 | D:2      | Acquired Trog's second power
   868 | D:2      | Found a basalt altar of Yredelemnul.
   922 | D:2      | Reached XP level 3. HP: 25/33 MP: 2/2
  1256 | D:2      | Reached XP level 4. HP: 32/40 MP: 3/3
  1349 | D:2      | Found a glowing silver altar of Zin.
  1349 | D:2      | Noticed an angel
  1484 | D:3      | Noticed Jessica
  1498 | D:3      | Killed Jessica
  1498 | D:3      | Reached skill level 1 in Unarmed Combat
  1499 | D:3      | Reached XP level 5. HP: 43/47 MP: 4/4
  1557 | D:3      | Found a blossoming altar of Fedhas.
  1998 | D:3      | Found a snail-covered altar of Cheibriados.
  2072 | D:3      | Noticed Ijyb
  2085 | D:3      | Killed Ijyb
  2369 | D:4      | Found a glowing golden altar of the Shining One.
  2428 | D:4      | Noticed a phantom
  2440 | D:4      | Noticed Menkaure
  2468 | D:4      | Noticed Natasha
  2477 | D:4      | Killed Natasha
  2477 | D:4      | Reached XP level 6. HP: 33/55 MP: 5/5
  2548 | D:4      | Found an iron altar of Okawaru.
  2548 | D:4      | Noticed an ogre
  2557 | D:4      | Killed an ogre
  2557 | D:4      | Reached skill level 5 in Fighting
  2557 | D:4      | Reached skill level 5 in Maces & Flails
  2701 | D:4      | Found a staircase to the Ecumenical Temple.
  2701 | D:4      | Noticed Pikel
  2701 | D:4      | Noticed a slave
  2701 | D:4      | Noticed a slave
  2701 | D:4      | Noticed a slave
  2701 | D:4      | Noticed a slave
  2711 | D:4      | Slain by a slave

Vault maps used:
D:1:      mrwooster_arrival_statue, st_stairs_14, nrook_loot_triangle
D:2:      zin_angel, lemuel_round_altar
D:3:      nicolae_overflow_crystal_walls, hangedman_decor_peaks_small,
          fedhas_altar_2, uniq_jessica, uniq_iyjb
D:4:      lemuel_round_altar, tso_metal_star, minmay_temple_entry_glassed_door,
          st_stairs_1, bh_walls_and_bars, uniq_menkaure, uniq_pikel,
          uniq_natasha

Action                   |  1- 3 |  4- 6 || total
-------------------------+-------+-------++-------
Melee: Mace              |    74 |   102 ||   176
Invok: Berserk           |       |     1 ||     1
       Trog's Hand       |       |     1 ||     1
  Use: Potion            |       |     7 ||     7
       Scroll            |       |     6 ||     6
  Eat: Chunk             |     1 |     4 ||     5
       Pizza             |       |     1 ||     1
